 Dungeon Crawl Stone Soup version 0.25.0-26-g0c896c7088 (webtiles) character file.

Game seed: 15371975978430314631

17471 protoss039 the Eclecticist (level 12, 0/59 HPs)
             Began as a Deep Elf Air Elementalist on July 2, 2020.
             Was a High Priest of Vehumet.
             Slain by an unseen horror (1 damage)
             ... on level 13 of the Dungeon on July 3, 2020.
             The game lasted 01:07:49 (18863 turns).

protoss039 the Eclecticist (DEAE)                  Turns: 18863, Time: 01:07:49

Health: 0/59       AC: 14    Str:  5    XL:     12   Next: 19%
Magic:  17/35      EV: 13    Int: 26    God:    Vehumet [*****.]
Gold:   440        SH:  0    Dex: 15    Spells: 13/46 levels left

rFire    . . .     SeeInvis .   b - +3 scythe (venom)
rCold    . . .     Gourm    .   (shield currently unavailable)
rNeg     . . .     Faith    .   r - +1 robe
rPois    +         Spirit   .   (no helmet)
rElec    .         Reflect  .   (no cloak)
rCorr    +         Harm     .   B - +0 pair of gloves "Emosch" {rPois Stlth+} (curse)
MR       ++...                  N - +2 pair of boots
Stlth    +++.......             f - amulet of the acrobat
HPRegen  0.19/turn              y - ring of protection from magic (curse)
MPRegen  0.24/turn              s - ring of resist corrosion

@: icy armour, frozen ramparts, flying, very slightly contaminated, invisible
(expiring)
A: no striking features
a: Renounce Religion


You were on level 13 of the Dungeon.
You worshipped Vehumet.
Vehumet was extremely pleased with you.
You were not hungry.

You visited 1 branch of the dungeon, and saw 13 of its levels.

You collected 657 gold pieces.
You spent 217 gold pieces at shops.

Inventory:

Hand Weapons
 b - a +3 scythe of venom (weapon)
Armour
 r - a +1 robe (worn)
 B - the cursed +0 pair of gloves "Emosch" (worn) {rPois Stlth+}
   (You found it on level 8 of the Dungeon)

   It protects you from poison.
   It makes you more stealthy.
   It has a curse placed upon it.
 N - a +2 pair of boots (worn)
Jewellery
 d - a +4 ring of protection
 f - an amulet of the acrobat (around neck)
 s - a ring of resist corrosion (right hand)
 y - a cursed ring of protection from magic (left hand)
 D - an uncursed ring of positive energy {unknown}
Wands
 l - a wand of iceblast (7)
 x - a wand of flame (20)
 C - a wand of digging (6)
 E - a wand of paralysis (6)
 M - a wand of disintegration (7)
Scrolls
 h - 3 scrolls of immolation
 i - 3 scrolls of enchant armour
 j - 7 scrolls of remove curse
 k - 3 scrolls of amnesia
 m - 8 scrolls of teleportation
 u - 3 scrolls of enchant weapon
 F - 4 scrolls of magic mapping {unknown}
 H - a scroll of summoning {unknown}
 I - a scroll of silence {unknown}
Potions
 a - 3 potions of curing {unknown}
 e - a potion of might
 p - a potion of berserk rage
 q - a potion of flight
 t - a potion of stabbing
 v - 4 potions of brilliance {unknown}
 z - a potion of ambrosia
 A - 2 potions of degeneration {unknown}
 J - 3 potions of mutation {unknown}
Comestibles
 c - 20 rations


   Skills:
 + Level 0.7 Polearms
 - Level 2.4 Dodging
 - Level 2.4 Stealth
 * Level 17.9 Spellcasting
 + Level 3.9 Conjurations
 + Level 2.4 Charms
 + Level 1.7 Ice Magic
 * Level 13.0 Air Magic


You had 13 spell levels left.
You knew the following spells:

 Your Spells              Type           Power        Failure   Level  Hunger
a - Shock                 Conj/Air       ####         1%          1    None
b - Swiftness             Chrm/Air       ######..     1%          2    None
c - Static Discharge      Conj/Air       ######..     1%          3    None
d - Airstrike             Air            ######....   1%          4    None
e - Lightning Bolt        Conj/Air       ######....   1%          5    None
f - Frozen Ramparts       Ice            ####..       1%          3    None
g - Ozocubu's Armour      Chrm/Ice       ####....     2%          3    None
h - Hailstorm             Conj/Ice       #####...     1%          4    None
i - Irradiate             Conj/Tmut      ####......   7%          5    None
j - Dazzling Flash        Conj/Hex       ####..       1%          3    None

Your spell library contained the following spells:

 Spells                   Type           Power        Failure   Level  Hunger
 Animate Skeleton         Necr           N/A          1%          1    None
 Freeze                   Ice            ####         1%          1    None
 Magic Dart               Conj           ####         1%          1    None
 Pain                     Necr           ###.         1%          1    None
 Sting                    Tmut/Pois      ###.         1%          1    None
 Poisonous Vapours        Pois/Air       ######       1%          2    None
 Searing Ray              Conj           #####.       1%          2    None
 Ignite Poison            Fire/Tmut/Pois ###.....     1%          3    None
 Mephitic Cloud           Conj/Pois/Air  ######..     1%          3    None
 Fulminant Prism          Conj/Hex       ####......   2%          4    None
 Iskenderun's Mystic Bla  Conj/Tloc      ####....     2%          4    None
 Olgreb's Toxic Radiance  Pois           ###.....     5%          4    None
 Vampiric Draining        Necr           ###.......   6%          3    None
 Summon Ice Beast         Ice/Summ       ####....     14%         4    None
 Animate Dead             Necr           N/A          21%         4    None
 Agony                    Necr           ###.....     50%         5    None


Dungeon Overview and Level Annotations

Branches:
Dungeon (13/15)            Temple (0/1) D:5            Lair (0/6) D:11
    Orc (0/2) D:9
 Vaults: D:13-14

Altars:
Elyvilon
Fedhas
Hepliaklqana
Kikubaaqudgha
Qazlal
Ru
Trog
Uskayaw
Vehumet
Xom
Yredelemnul

Shops:
D:4 %   D:11 [   D:12 %

Annotations:
D:5 2 exclusions


Message History

The wall freezes something.
Something hits you.
* * * LOW HITPOINT WARNING * * *
The wall freezes something.
Something hits you but does no damage.
Unknown command.
Unknown command.
You feel very buoyant.
You fly up into the air.
The wall freezes something.
Something hits you.
* * * LOW HITPOINT WARNING * * *
The wall freezes something.
Something hits you.
* * * LOW HITPOINT WARNING * * *
The wall freezes something.
Something hits you!
* * * LOW HITPOINT WARNING * * *
Unknown command.
Okay, then.
Casting: Hailstorm (dangerous; 1% risk of failure)
Confirm with . or Enter, or press ? or * to list all spells.
A film of ice covers your body!
The wall freezes something but do no damage.
Something hits you.
You die...

####### #.....# .
#.....# ..
#.....# ..z
#.....# ....
#....@# z....
###....{###§.....
.......§§§§§.....
####....§##§.....
#....§# ....?
#.....# ....
/....... ..l
###########
###>##### ♣♣≈♣♣
#......


There were no monsters in sight!

Vanquished Creatures
  3 two-headed ogres
  Sonja (D:10)
  2 unseen horrors
  2 ugly things
  2 cyclopes (D:12)
  Joseph (D:10)
  A gargoyle (D:11)
  4 trolls
  A hornet (D:12)
  Grinder (D:5)
  6 slime creatures (D:10)
  A hippogriff (D:10)
  Sigmund (D:6)
  A spriggan (D:12)
  A wraith (D:10)
  Eustachio (D:6)
  A hungry ghost (D:8)
  5 yaks
  3 vampire mosquitoes (D:12)
  An acid dragon (D:12)
  2 porcupines (D:11)
  5 sky beasts
  4 black bears
  A necrophage (D:11)
  6 orc warriors
  2 ogres
  5 ice beasts
  2 phantoms
  4 centaurs
  A big kobold (D:4)
  6 bullfrogs
  A gnoll sergeant (D:12)
  Blork the orc (D:5)
  2 wyvern zombies
  3 scorpions
  10 killer bees
  3 vampire bats (D:7)
  9 wights
  3 howler monkeys
  5 crimson imps
  3 centaur zombies
  7 hounds
  9 orc wizards
  13 orc priests
  2 jellies
  A bullfrog skeleton (D:11)
  2 gnoll shamans
  4 iguanas
  7 worker ants
  A hound zombie (D:8)
  A hound skeleton (D:6)
  A howler monkey zombie (D:9)
  11 adders
  27 gnolls
  2 howler monkey skeletons
  4 shadow imps
  2 oozes
  An adder zombie (D:7)
  3 worms
  2 dart slugs
  7 leopard geckos
  60 orcs
  8 bats
  3 bat skeletons (D:7)
  3 bat zombies (D:7)
  5 giant cockroaches
  3 hobgoblins
  6 jackals
  7 kobolds
  6 quokkas
  7 frilled lizards
  10 goblins
  A jackal skeleton (D:4)
  A quokka skeleton (D:4)
  27 rats
371 creatures vanquished.

Vanquished Creatures (others)
  11 fungi (D:11)
  3 plants (D:11)
14 creatures vanquished.

Grand Total: 385 creatures vanquished

Notes
Turn   | Place    | Note
-------+----------+-------------------------------------------
     0 | D:1      | protoss039 the Deep Elf Air Elementalist began the quest
                  | for the Orb.
     0 | D:1      | Reached XP level 1. HP: 10/10 MP: 6/6
   506 | D:1      | Reached XP level 2. HP: 6/15 MP: 4/8
   954 | D:1      | Reached skill level 4 in Spellcasting
  1020 | D:1      | Reached XP level 3. HP: 19/19 MP: 8/10
  1024 | D:1      | Learned a level 2 spell: Swiftness
  1028 | D:1      | Learned a level 3 spell: Static Discharge
  1750 | D:2      | Reached XP level 4. HP: 24/24 MP: 6/12
  1794 | D:2      | Reached skill level 5 in Spellcasting
  2079 | D:2      | Learned a level 4 spell: Airstrike
  2099 | D:2      | Found a hide-covered altar of Uskayaw.
  2807 | D:3      | Reached XP level 5. HP: 26/28 MP: 8/15
  3062 | D:3      | Reached skill level 6 in Spellcasting
  3485 | D:3      | Found a shimmering altar of Xom.
  3944 | D:3      | Found a sacrificial altar of Ru.
  3946 | D:3      | Found a radiant altar of Vehumet.
  3952 | D:3      | Became a worshipper of Vehumet
  3989 | D:4      | Reached XP level 6. HP: 32/32 MP: 9/17
  4148 | D:4      | Found Donwascho's Food Emporium.
  4234 | D:4      | Found a hazy altar of Hepliaklqana.
  4255 | D:4      | Reached skill level 7 in Spellcasting
  4884 | D:4      | Reached XP level 7. HP: 36/36 MP: 11/20
  4889 | D:4      | Reached skill level 8 in Spellcasting
  5013 | D:4      | Reached skill level 5 in Air Magic
  5380 | D:4      | Learned a level 5 spell: Lightning Bolt
  5388 | D:5      | Entered Level 5 of the Dungeon
  5608 | D:5      | Found a blossoming altar of Fedhas.
  5620 | D:5      | Found a staircase to the Ecumenical Temple.
  5754 | D:5      | Reached skill level 9 in Spellcasting
  6102 | D:5      | Found a stormy altar of Qazlal.
  6135 | D:5      | Noticed Blork the orc
  6139 | D:5      | Killed Blork the orc
  6139 | D:5      | Reached XP level 8. HP: 36/41 MP: 7/23
  6238 | D:5      | Noticed Grinder
  6241 | D:5      | Killed Grinder
  6241 | D:5      | Reached skill level 10 in Spellcasting
  6505 | D:6      | Reached * piety under Vehumet
  6505 | D:6      | Offered knowledge of Foxfire by Vehumet.
  6682 | D:6      | Noticed Sigmund
  7210 | D:6      | Killed Sigmund
  7210 | D:6      | Reached skill level 11 in Spellcasting
  7440 | D:6      | Noticed Eustachio
  7445 | D:6      | Killed Eustachio
  7445 | D:6      | Reached XP level 9. HP: 45/45 MP: 9/26
  7923 | D:6      | Found a white marble altar of Elyvilon.
  8654 | D:7      | Reached skill level 12 in Spellcasting
  8808 | D:7      | Reached ** piety under Vehumet
  8847 | D:7      | Offered knowledge of Magic Dart by Vehumet.
  8944 | D:7      | Found an ancient bone altar of Kikubaaqudgha.
  9066 | D:7      | Found a basalt altar of Yredelemnul.
  9416 | D:7      | Found a bloodstained altar of Trog.
  9612 | D:8      | Learned a level 3 spell: Frozen Ramparts
  9616 | D:8      | Learned a level 3 spell: Ozocubu's Armour
  9621 | D:8      | Learned a level 4 spell: Hailstorm
  9820 | D:8      | Noticed a brown ugly thing
  9844 | D:8      | Killed a brown ugly thing
  9844 | D:8      | Reached skill level 13 in Spellcasting
 10052 | D:8      | Offered knowledge of Stone Arrow by Vehumet.
 10209 | D:8      | Reached skill level 1 in Ice Magic
 10367 | D:8      | Reached *** piety under Vehumet
 10417 | D:8      | Noticed a two-headed ogre
 10421 | D:8      | Killed a two-headed ogre
 10421 | D:8      | Reached XP level 10. HP: 50/50 MP: 7/29
 10646 | D:8      | Reached skill level 10 in Air Magic
 10822 | D:8      | Got a pair of transparent gloves
 10828 | D:8      | Identified the cursed +0 pair of gloves "Emosch" {rPois
                  | Stlth+} (You found it on level 8 of the Dungeon)
 11556 | D:9      | Reached skill level 14 in Spellcasting
 11665 | D:9      | Offered knowledge of Sticky Flame by Vehumet.
 12012 | D:9      | Noticed a two-headed ogre
 12147 | D:9      | Killed a two-headed ogre
 12663 | D:9      | Reached skill level 15 in Spellcasting
 12831 | D:9      | Reached **** piety under Vehumet
 12835 | D:9      | Offered knowledge of Iskenderun's Mystic Blast by Vehumet.
 13033 | D:9      | Found a staircase to the Orcish Mines.
 13376 | D:10     | Entered Level 10 of the Dungeon
 13963 | D:10     | Reached XP level 11. HP: 40/54 MP: 17/32
 14786 | D:10     | Noticed Joseph
 14793 | D:10     | Killed Joseph
 14956 | D:10     | Noticed Sonja
 14962 | D:10     | Killed Sonja
 14962 | D:10     | Reached skill level 16 in Spellcasting
 15037 | D:11     | Found Qetad's Antique Armour Emporium.
 15048 | D:11     | Bought a pair of glowing boots for 217 gold pieces
 15213 | D:11     | Reached ***** piety under Vehumet
 15213 | D:11     | Reached skill level 1 in Charms
 15352 | D:11     | Offered knowledge of Irradiate by Vehumet.
 15365 | D:11     | Learned a level 5 spell: Irradiate
 15540 | D:11     | Killed an unseen horror
 15637 | D:11     | Found a staircase to the Lair.
 15761 | D:11     | Noticed a red ugly thing
 15771 | D:11     | Killed a red ugly thing
 15884 | D:11     | Learned a level 3 spell: Dazzling Flash
 16504 | D:12     | Noticed a two-headed ogre
 16738 | D:11     | Reached skill level 17 in Spellcasting
 17101 | D:12     | Found Xuequdaq's Food Shop.
 17691 | D:12     | Reached XP level 12. HP: 59/59 MP: 25/35
 17821 | D:12     | Killed a two-headed ogre
 18844 | D:13     | Noticed a six-headed hydra
 18862 | D:13     | HP: 1/59 [something (9)]
 18863 | D:13     | Slain by an unseen horror

Illustrated notes

Levels and vault maps discovered:
D:1:      saegor_arrival_simple_d, layout_basic
D:2:      layout_basic, lemuel_crystal_altar
D:3:      layout_loops_cross, xom_teletrap_fun,
          gammafunk_temple_overflow_statue, first_ration, minmay_rat_hole
D:4:      layout_basic, kennysheep_mini, serial_shops, nicolae_shop_stone
D:5:      layout_rooms, lemuel_coloured_pillars_altar,
          minmay_temple_entry_statues_fountains, fedhas_altar_3, uniq_grinder,
          uniq_blork_the_orc
D:6:      layout_layer_cave, kennysheep_little_box, uniq_sigmund, uniq_eustachio
D:7:      layout_loops_ring, lightli_temple_of_fire, yredelemnul_altar_generic,
          kennysheep_vampire_church
D:8:      layout_loops_corners
D:9:      layout_loops_corners, hiddenorc1_lemuel
D:10:     layout_loops_ring, uniq_sonja, uniq_joseph
D:11:     layout_loops_ring, grunt_lair_entry_orc_guard_hut, serial_shops, shop
D:12:     layout_roguey, serial_shops, shop, the_bakery
D:13:     kennysheep_four_of_diamonds, layout_basic, david_vaults_1, uniq_urug,
          uniq_josephine

Skill      XL: |  1  2  3  4  5  6  7  8  9 10 11 12 |
---------------+-------------------------------------+-----
Spellcasting   | 4 5 6 7 9 11 13 15 17 | 17.9
Conjurations   | 2 3 |  3.9
Air Magic      | 4 6 7 9 11 12 13 | 13.0
Ice Magic      | 1 |  1.7
Charms         | 2 |  2.4
Polearms       | |  0.7
Dodging        | |  2.4
Stealth        | |  2.4

Action                   |  1- 3 |  4- 6 |  7- 9 | 10-12 || total
-------------------------+-------+-------+-------+-------++-------
Melee: Short sword       |     5 |    23 |    16 |       ||    44
       Scythe            |       |       |     6 |     3 ||     9
 Cast: Shock             |    70 |    72 |    28 |    11 ||   181
       Static Discharge  |       |    10 |    15 |     1 ||    26
       Airstrike         |       |    16 |   116 |   220 ||   352
       Swiftness         |       |     1 |     2 |     6 ||     9
       Lightning Bolt    |       |       |     6 |    40 ||    46
       Frozen Ramparts   |       |       |     3 |    10 ||    13
       Ozocubu's Armour  |       |       |     1 |    18 ||    19
       Dazzling Flash    |       |       |       |     3 ||     3
       Hailstorm         |       |       |       |     3 ||     3
Evoke: Wand              |       |       |       |     2 ||     2
  Use: Scroll            |       |       |    14 |     8 ||    22
       Potion            |       |       |     3 |     5 ||     8
 Stab: Sleeping          |       |     2 |       |       ||     2
  Eat: Chunk             |     2 |    12 |    15 |    17 ||    46
       Ration            |       |       |     1 |     3 ||     4
Armor: Robe              |     6 |       |     9 |    17 ||    32
       Skin              |       |       |     1 |       ||     1
Dodge: Dodged            |    13 |    15 |    42 |    82 ||   152
